 Dungeon Crawl Stone Soup version 0.31.0-9-g3a7656b989 (webtiles) character file.

Game seed: 16209845482714110487

21894 Eitelfritz the Brawler (level 12, -1/109 HPs)
             Began as a Troll Gladiator on Feb 4, 2024.
             Was a Priest of Wu Jian.
             Slain by a mana viper (11 damage)
             ... summoned by Wemm's ghost
             ... on level 12 of the Dungeon.
             The game lasted 00:25:13 (11026 turns).

Eitelfritz the Brawler (Troll Gladiator)           Turns: 11026, Time: 00:25:13

Health: -1/109     AC: 21    Str: 25    XL:     12   Next: 58%
Magic:  0/11       EV: 11    Int:  8    God:    Wu Jian [***...]
Gold:   2087       SH:  0    Dex: 17    Spells: 11/11 levels left

rFire   + .          .
                       - Unarmed
rCold   . . .        (no shield)
rNeg    + . .        m - +0 pearl dragon scales
rPois   .            G - +1 hat
rElec   .            w - +0 cloak {Will+}
rCorr   .            (gloves unavailable)
SInv    .            (boots unavailable)
Will    ++...        P - amulet "Ahip" {^Drain rF+ Will+ Regen+}
Stlth   +            E - +6 ring of dexterity
HPRegen 1.98/turn    F - +4 ring of protection
MPRegen 0.12/turn

%: no passive effects
@: lethally poisoned (-1 -> -2)
A: large, unfitting armour, claws 3, regeneration 1, shaggy fur 1, tough skin 1
a: Renounce Religion, Wall Jump, Serpent's Lash


You were on level 12 of the Dungeon.
You worshipped Wu Jian.
Wu Jian was most pleased with you.
You visited 2 branches of the dungeon, and saw 14 of its levels.

You collected 2087 gold pieces.

Inventory:

Hand Weapons
 a - a +0 arbalest
 b - a +2 giant spiked club
 x - a +2 mace of draining
 L - a +0 morningstar
Missiles
 c - 3 throwing nets
 d - 19 large rocks
 g - 15 poisoned darts
 k - 182 stones
 u - a curare-tipped dart
 M - 6 boomerangs (quivered)
 U - 10 javelins
Armour
 m - +0 pearl dragon scales (worn)
 w - a +0 cloak of willpower (worn)
 G - a +1 hat (worn)
 I - +0 steam dragon scales
Jewellery
 p - a ring of wizardry
 y - an amulet of guardian spirit
 B - an amulet of the acrobat
 C - a ring of protection from fire
 D - a ring of ice
 E - a +6 ring of dexterity (left claw)
 F - a +4 ring of protection (right claw)
 N - a +4 ring of protection
 P - the amulet "Ahip" (around neck) {^Drain rF+ Will+ Regen+}
   (You found it on level 9 of the Dungeon)

   [amulet of regeneration]

   rF+:       It protects you from fire.
   Will+:     It increases your willpower.
   Regen+:    It increases your rate of health regeneration.
   ^Drain:    It drains your maximum health when unequipped.
Wands
 h - a wand of charming (31)
 O - a wand of iceblast (5)
 S - a wand of acid (5)
Scrolls
 f - 2 scrolls of immolation
 l - a scroll of fog
 r - a scroll of poison
 t - 2 scrolls of vulnerability
 z - 3 scrolls of blinking
 A - a scroll of fear
 T - a scroll of revelation
Potions
 e - a potion of enlightenment
 i - 4 potions of attraction {unknown}
 j - 2 potions of resistance
 n - 3 potions of invisibility
 o - a potion of cancellation
 q - 4 potions of brilliance
 s - 2 potions of haste {unknown}
 v - 3 potions of curing
 H - a potion of magic {unknown}
 J - a potion of berserk rage {unknown}
 K - 4 potions of heal wounds {unknown}
 R - 2 potions of might {unknown}


   Skills:
 + Level 4.4 Fighting
 * Level 3.2 Maces & Flails
 + Level 0.8 Ranged Weapons
 + Level 2.7 Throwing
 + Level 6.9 Armour
 + Level 7.1 Dodging
 + Level 2.8 Stealth
 + Level 15.9 Unarmed Combat


You had 11 spell levels left.
You didn't know any spells.
Your spell library contained the following spells:

 Spells                   Type           Power      Damage    Failure   Level
 Kiss of Death            Conj/Necr      0%         2d5       73%         1
 Cigotuvi's Dreadful Rot  Necr/Alch/Air  0%         N/A       86%         2
 Confusing Touch          Hex            0%         N/A       97%         3
 Dazzling Flash           Conj/Hex       0%         N/A       97%         3
 Ozocubu's Armour         Ice            0%         N/A       97%         3
 Volatile Blastmotes      Fire/Tloc      0%         2d10      97%         3
 Dispel Undead            Necr           0%         3d6       100%        4
 Martyr's Knell           Necr/Summ      0%         N/A       100%        4
 Olgreb's Toxic Radiance  Alch           0%         N/A       100%        4
 Metabolic Englaciation   Hex/Ice        0%         N/A       100%        5
 Death Channel            Necr           0%         N/A       100%        6
 Sculpt Simulacrum        Ice/Alch       0%         N/A       100%        6
 Starburst                Conj/Fire      0%         6d3       100%        6
 Ozocubu's Refrigeration  Ice            0%         4d7       100%        7
 Discord                  Hex            0%         N/A       100%        8
 Maxwell's Capacitive Co  Air            0%         ∞         100%        8


Dungeon Overview and Level Annotations

Branches:
Dungeon (13/15)            Temple (1/1) D:7            Lair (0/5) D:10
    Orc (0/2) D:12
 Vaults: D:13-14

Altars:
Ashenzari
Cheibriados
Dithmenos
Elyvilon
Fedhas
Gozag
Hepliaklqana
Kikubaaqudgha
Makhleb
Nemelex Xobeh
Okawaru
Qazlal
Ru
Sif Muna
Trog
Uskayaw
Vehumet
Wu Jian
Xom
Yredelemnul
Zin
The Shining One

Shops:
D:12 :

Annotations:
D:11 3 runed translucent doors, Dwachs's ghost, novice TrSh
D:12 Wemm's ghost, journeyman SpEn
D:13 Dittersdorf's ghost, journeyman MiBe; Gladio's ghost, adept TeBe; HilariousDeathArtist's ghost, journeyman VSBe; Kokhlaf's ghost, journeyman DECj


Innate Abilities, Weirdness & Mutations

You are too large for most types of armour.
You have claws for hands.
Your natural rate of healing is unusually fast.
You are covered in fur. (AC +1)
You have tough skin. (AC +1)


Message History

Wemm's ghost is moderately damaged.
You feel very sick.
The mana viper bites you but does no damage.
Wemm's ghost points at you and mumbles some strange words.
You resist with almost no effort. The mana viper bites you!
You barely miss Wemm's ghost. Your claw misses Wemm's ghost.
Wemm's ghost is moderately damaged.
You feel sick. The mana viper bites you!
* * * LOW HITPOINT WARNING * * *
The mana viper barely misses you. Wemm's ghost closely misses you.
You scratch Wemm's ghost.
Wemm's ghost is moderately damaged.
You feel very sick. The mana viper bites you!
* * * LOW HITPOINT WARNING * * *
The mana viper bites you but does no damage.
Unknown command.
You feel better. The mana viper barely misses you.
Wemm's ghost hits you but does no damage.
The mana viper bites you but does no damage.
The mana viper closely misses you.
You miss Wemm's ghost.
Wemm's ghost is moderately damaged.
Wemm's ghost hits you but does no damage.
You are poisoned.
The mana viper closely misses you. The mana viper misses you.
You miss Wemm's ghost.
Wemm's ghost is moderately damaged.
You feel sick. The mana viper bites you.
* * * LOW HITPOINT WARNING * * *
Wemm's ghost hits you but does no damage.
You are more poisoned.
The mana viper bites you!
* * * LOW HITPOINT WARNING * * *
You barely miss Wemm's ghost.
Wemm's ghost is moderately damaged.
You feel sick. The mana viper bites you.
* * * LOW HITPOINT WARNING * * *
The mana viper bites you!
You die...

.....#####.......................
.................................
.#######..............[..∩.......
.# #..#######................ .#
#..# #................ .# #..#
#................ .#
#..#######................
.#######........WS...............
................@SS..............
#################################


You could see 3 mana vipers and Wemm's ghost.

Vanquished Creatures
  The ghost of 00Nightcrawler the Fighter, a journeyman VSSh of Dithmenos (D:13)
  The ghost of Leinaam the Severer, a journeyman MiBe of Trog (D:12)
  An ettin (D:13)
  A fire dragon (D:12)
  Fannar (D:11)
  A hydra (D:13)
  A boulder beetle (D:11)
  2 tengu warriors (D:13)
  3 death yaks (D:10)
  Urug (D:13)
  An orc knight (D:11)
  2 deep elf pyromancers
  An ugly thing (D:12)
  Maurice (D:7)
  3 slime creatures
  4 cyclopes
  A gargoyle (D:13)
  A komodo dragon (D:11)
  2 unseen horrors
  Jeremiah (D:8)
  5 kobold demonologists
  2 water elementals
  3 wraiths (D:11)
  A wyvern (D:8)
  A shadow (D:11)
  8 yaks (D:10)
  2 steam dragons
  A warg (shapeshifter) (D:13)
  2 acid dragons
  2 water moccasins
  A water moccasin (shapeshifter) (D:13)
  Duvessa (D:5)
  9 orc warriors
  A sky beast (D:7)
  2 ice beasts (D:6)
  A black bear (D:7)
  5 ogres
  5 centaurs
  A phantom (D:5)
  2 kobold brigands
  2 scorpions
  Dowan (D:5)
  2 electric eels (D:12)
  6 howler monkeys
  A bombardier beetle (D:5)
  2 hounds (D:6)
  11 orc priests
  A sleepcap (D:4)
  Terence (D:2)
  5 iguanas
  Natasha (thrice) (D:2)
  14 orc wizards
  9 gnolls
  11 adders
  2 white imps
  An ufetubus (D:5)
  3 dart slugs
  2 ribbon worms
  48 orcs
  8 ball pythons
  6 bats
  6 endoplasms
  3 giant cockroaches
  6 hobgoblins
  9 jackals
  19 kobolds
  A quokka (D:4)
  A frilled lizard (D:3)
  11 goblins
  3 rats
283 creatures vanquished.

Vanquished Creatures (others)
  An orc wizard (D:7)
1 creature vanquished.

Grand Total: 284 creatures vanquished

Notes
Turn   | Place    | Note
-------+----------+-------------------------------------------
     0 | D:1      | Eitelfritz the Troll Gladiator began the quest for the Orb.
     0 | D:1      | Reached XP level 1. HP: 19/19 MP: 0/0
   174 | D:1      | Reached XP level 2. HP: 27/27 MP: 1/1
   636 | D:2      | Reached XP level 3. HP: 35/35 MP: 2/2
   930 | D:2      | Noticed Natasha
   940 | D:2      | Killed Natasha
   941 | D:2      | Reached skill level 4 in Unarmed Combat
   941 | D:2      | Reached XP level 4. HP: 37/42 MP: 3/3
  1080 | D:2      | Noticed Terence
  1093 | D:2      | Killed Terence
  1234 | D:2      | Noticed Natasha
  1239 | D:2      | Killed Natasha
  1240 | D:2      | Reached XP level 5. HP: 45/49 MP: 4/4
  1310 | D:2      | Noticed Natasha
  1320 | D:2      | Killed Natasha
  2278 | D:4      | Identified the +0 leather armour of Noahum {rN+ rCorr Int-5
                  | SInv}
  2377 | D:4      | Reached skill level 5 in Unarmed Combat
  2377 | D:4      | Reached XP level 6. HP: 33/57 MP: 5/5
  2466 | D:4      | Found a shadowy altar of Dithmenos.
  2470 | D:4      | Found a broken altar of Ashenzari.
  2470 | D:4      | Found an iron altar of Okawaru.
  2483 | D:4      | Found a hazy altar of Hepliaklqana.
  2486 | D:4      | Found a sparkling altar of Nemelex Xobeh.
  2869 | D:4      | Identified the +5 scale mail "Kaakooll" {Harm rPois rF-
                  | rN+++}
  2999 | D:4      | Reached skill level 6 in Unarmed Combat
  2999 | D:4      | Reached XP level 7. HP: 66/66 MP: 6/6
  3193 | D:5      | Entered Level 5 of the Dungeon
  3303 | D:5      | Reached skill level 1 in Stealth
  3672 | D:5      | Noticed Duvessa
  3677 | D:5      | Noticed Dowan
  3690 | D:5      | Killed Duvessa
  3691 | D:5      | Reached skill level 7 in Unarmed Combat
  3704 | D:5      | Killed Dowan
  3705 | D:5      | Reached XP level 8. HP: 16/74 MP: 7/7
  4593 | D:6      | Reached skill level 8 in Unarmed Combat
  4717 | D:6      | Reached skill level 5 in Dodging
  4944 | D:6      | Reached skill level 9 in Unarmed Combat
  5631 | D:7      | Reached XP level 9. HP: 83/83 MP: 8/8
  5722 | D:7      | Found a shimmering blue altar of Sif Muna.
  5881 | D:7      | Noticed Maurice
  5909 | D:7      | Killed Maurice
  5910 | D:7      | Reached skill level 10 in Unarmed Combat
  5973 | D:7      | Found a staircase to the Ecumenical Temple.
  5982 | Temple   | Entered the Ecumenical Temple
  5998 | Temple   | Became a worshipper of the Wu Jian Council
  6187 | D:8      | Noticed Jeremiah
  6233 | D:8      | Killed Jeremiah
  6418 | D:8      | Reached skill level 11 in Unarmed Combat
  7092 | D:8      | Reached skill level 1 in Armour
  7259 | D:9      | Reached * piety under Wu Jian
  7260 | D:9      | Reached XP level 10. HP: 91/91 MP: 9/9
  7265 | D:9      | Identified the amulet "Ahip" {^Drain rF+ Will+ Regen+}
  7458 | D:9      | Identified a scroll of acquirement
  7458 | D:9      | Acquired 1350 gold pieces
  7462 | D:10     | Entered Level 10 of the Dungeon
  7586 | D:10     | Noticed a death yak
  7588 | D:10     | Found a staircase to the Lair.
  7588 | D:10     | Noticed a death yak
  7588 | D:10     | Noticed a death yak
  7607 | D:10     | Killed a death yak
  7608 | D:10     | Reached skill level 12 in Unarmed Combat
  7615 | D:10     | Killed a death yak
  7621 | D:10     | Killed a death yak
  7628 | D:10     | Reached skill level 13 in Unarmed Combat
  7704 | D:10     | Noticed a smoke demon
  7819 | D:10     | Reached XP level 11. HP: 94/97 MP: 10/10
  7979 | D:10     | Reached ** piety under Wu Jian
  8292 | D:11     | Noticed an orc knight
  8348 | D:11     | Killed an orc knight
  8616 | D:11     | Reached skill level 14 in Unarmed Combat
  8681 | D:11     | Noticed Fannar
  8692 | D:11     | Killed Fannar
  8929 | D:11     | Found a runed translucent gate.
  8929 | D:11     | Found a runed translucent gate.
  8929 | D:11     | Found a runed translucent gate.
  8930 | D:11     | Noticed Dwachs's ghost (novice TrSh)
  9154 | D:11     | Noticed a boulder beetle
  9177 | D:11     | Killed a boulder beetle
  9367 | D:11     | Reached skill level 5 in Armour
  9472 | D:12     | Noticed a deep elf pyromancer
  9479 | D:12     | Killed a deep elf pyromancer
  9672 | D:12     | Reached skill level 15 in Unarmed Combat
  9878 | D:12     | Found a staircase to the Orcish Mines.
  9921 | D:12     | Found Luirphep's Book Boutique.
  9925 | D:12     | Noticed a green ugly thing
  9932 | D:12     | Killed a green ugly thing
 10110 | D:12     | Found an iron altar of Okawaru.
 10186 | D:13     | Noticed a five-headed hydra
 10191 | D:13     | Noticed a centaur warrior
 10263 | D:13     | Noticed a tengu warrior
 10264 | D:13     | Noticed a tengu warrior
 10285 | D:13     | Killed a tengu warrior
 10286 | D:13     | Reached XP level 12. HP: 16/107 MP: 11/11
 10294 | D:13     | Killed a tengu warrior
 10295 | D:13     | Reached skill level 1 in Maces & Flails
 10355 | D:13     | Found a huge runed translucent gate.
 10355 | D:13     | Found a huge runed translucent gate.
 10355 | D:13     | Found a huge runed translucent gate.
 10355 | D:13     | Found a huge runed translucent gate.
 10355 | D:13     | Found a huge runed translucent gate.
 10355 | D:13     | Found a huge runed translucent gate.
 10356 | D:13     | Found a huge runed translucent gate.
 10356 | D:13     | Found a huge runed translucent gate.
 10357 | D:13     | Found a huge runed translucent gate.
 10357 | D:13     | Found a huge runed translucent gate.
 10357 | D:13     | Found a huge runed translucent gate.
 10357 | D:13     | Found a huge runed translucent gate.
 10357 | D:13     | Found a huge runed translucent gate.
 10360 | D:13     | Found a huge runed translucent gate.
 10364 | D:13     | Found a huge runed translucent gate.
 10365 | D:13     | Found a huge runed translucent gate.
 10365 | D:13     | Found a huge runed translucent gate.
 10369 | D:13     | Found a huge runed translucent gate.
 10370 | D:13     | Found a huge runed translucent gate.
 10371 | D:13     | Found a huge runed translucent gate.
 10372 | D:13     | Found a huge runed translucent gate.
 10372 | D:13     | Found a huge runed translucent gate.
 10378 | D:13     | Found a huge runed translucent gate.
 10379 | D:13     | Found a huge runed translucent gate.
 10379 | D:13     | Found a huge runed translucent gate.
 10379 | D:13     | Found a huge runed translucent gate.
 10379 | D:13     | Found a huge runed translucent gate.
 10411 | D:13     | Noticed a boulder beetle
 10411 | D:13     | Noticed an ettin
 10411 | D:13     | Noticed a centaur warrior
 10411 | D:13     | Noticed HilariousDeathArtist's ghost (journeyman VSBe)
 10411 | D:13     | Noticed Gladio's ghost (adept TeBe)
 10411 | D:13     | Noticed 00Nightcrawler's ghost (journeyman VSSh)
 10411 | D:13     | Noticed a yaktaur captain
 10411 | D:13     | Noticed Dittersdorf's ghost (journeyman MiBe)
 10411 | D:13     | Noticed 00Nightcrawler's ghost (journeyman VSSh)
 10411 | D:13     | Noticed Leinaam's ghost (journeyman MiBe)
 10411 | D:13     | Noticed Wemm's ghost (journeyman SpEn)
 10411 | D:13     | Noticed a fire dragon
 10411 | D:13     | Noticed Kokhlaf's ghost (journeyman DECj)
 10428 | D:13     | Noticed Urug
 10435 | D:13     | Killed a nine-headed hydra
 10435 | D:13     | Reached *** piety under Wu Jian
 10441 | D:13     | Killed Urug
 10746 | D:13     | Killed 00Nightcrawler's ghost
 10878 | D:13     | Killed an ettin
 10906 | D:12     | Killed a fire dragon
 10941 | D:12     | Killed Leinaam's ghost
 11026 | D:12     | Slain by a mana viper

Illustrated notes

Levels and vault maps discovered:
D:1:      shiori_arrival_oz, layout_basic, minmay_misc_feat_encased
D:2:      layout_loops_corners, uniq_natasha, uniq_terence
D:3:      layout_basic
D:4:      layout_basic, minmay_overflow_temple_star_hex
D:5:      minmay_diamond_boxcup, layout_basic, kennysheep_minor_cross,
          chequers_serial_rivers_small_3, uniq_duvessa
D:6:      cheibrodos_helix_gallery, layout_loops_ring
D:7:      layout_rooms, led_sif_book, temple_hall, uniq_maurice
D:8:      layout_gridville, uniq_jeremiah
D:9:      layout_roguey
D:10:     layout_stronghold, dpeg_lair_monsters
D:11:     layout_basic, ebering_ghost_rock_garden, uniq_fannar
D:12:     layout_long_grid, erik_orc_2, serial_shops, shop,
          okawaru_altar_gauntlet_db
D:13:     layout_grid_maze, hellmonk_vaults_attempted_burglary, special_room
          [special_room_orc], gammafunk_ghost_door_vault, uniq_urug
Temple:   eino_temple_rhombus

Skill      XL: |  1  2  3  4  5  6  7  8  9 10 11 12 |
---------------+-------------------------------------+-----
Throwing       | 2 |  2.7
Dodging        | 3 4 5 6 7 |  7.1
Unarmed Combat | 4 5 6 7 9 11 13 15 | 15.9
Fighting       | 2 3 4 |  4.4
Stealth        | 1 2 |  2.8
Armour         | 1 3 6 |  6.9
Maces & Flails | 3 |  3.2
Ranged Weapons | |  0.8

Action                     |  1- 3 |  4- 6 |  7- 9 | 10-12 || total
---------------------------+-------+-------+-------+-------++-------
  Melee: Unarmed           |    76 |   156 |   292 |   475 ||   999
         Punch             |     1 |     3 |    14 |    50 ||    68
   Fire: Arbalest          |       |       |       |    11 ||    11
  Throw: Stone             |       |       |    11 |       ||    11
Ability: Lunge             |       |       |    12 |    23 ||    35
         Whirlwind         |       |       |       |    26 ||    26
    Use: Scroll            |       |       |    19 |     4 ||    23
         Potion            |       |       |       |     3 ||     3
   Stab: Distracted        |       |       |     1 |       ||     1
         Sleeping          |       |       |     1 |       ||     1
         Invisible         |       |       |       |     3 ||     3
 Armour: Robe              |    70 |   107 |    89 |       ||   266
         Steam dragon scal |       |       |    48 |       ||    48
         Pearl dragon scal |       |       |    66 |   451 ||   517
  Dodge: Dodged            |    54 |    71 |   142 |   157 ||   424
